 Dungeon Crawl Stone Soup version 0.30-a0-311-gf115ab0292 (webtiles) character file.

Game seed: 7230057123341230213

97 AarnesTheHuman the Changer (level 4, 0/55 HPs)
             Began as a Draconian Transmuter on Oct 25, 2022.
             Succumbed to Ijyb's poison
             ... on level 3 of the Dungeon.
             The game lasted 00:08:56 (2368 turns).

AarnesTheHuman the Changer (Draconian Transmuter)   Turns: 2368, Time: 00:08:56

Health: 0/55       AC: 22    Str:  9 (12) XL:     4   Next: 42%
Magic:  8/8        EV:  2    Int: 12 (15) God:
Gold:   96         SH:  0    Dex: 12      Spells: 8/9 levels left

rFire   . . .      SeeInvis .    a - +4 dagger
rCold   . . .      Faith    .    (no shield)
rNeg    . . .      Spirit   .    (body armour unavailable)
rPois   +          Reflect  .    (helmet currently unavailable)
rElec   .          Harm     .    (cloak currently unavailable)
rCorr   .          Rampage  .    (gloves currently unavailable)
Will    .....      NoTele   +    (boots currently unavailable)
Stlth   +.........               (no amulet)
HPRegen 0.29/turn                (no ring)
MPRegen 0.11/turn                (no ring)

@: lethally poisoned (0 -> -2), tree-form, on berserk cooldown, slowed, very
slow
A: stationary, stasis, torment immunity, boosted hp, AC +5, unfitting armour,
(cold-blooded)
a: no special abilities


You were on level 3 of the Dungeon.
You were a tree.
You visited 1 branch of the dungeon, and saw 3 of its levels.

You collected 96 gold pieces.

Inventory:

Hand Weapons
 a - a +4 dagger (weapon)
 b - a +0 dagger
Missiles
 e - 5 poisoned darts
 h - 12 stones (quivered)
Armour
 q - a scarf of resistance (melded)
Wands
 j - a wand of charming (4)
Scrolls
 c - 2 scrolls of magic mapping {unknown}
 g - 2 scrolls of teleportation {unknown}
 k - a scroll of identify {unknown}
 l - a scroll of noise {unknown}
 o - a scroll of butterflies {unknown}
 r - a scroll of enchant weapon {unknown}
Potions
 i - a potion of invisibility {unknown}
 m - a potion of heal wounds {unknown}
 n - a potion of might {unknown}
 s - a potion of flight {unknown}
 t - a potion of curing {unknown}


   Skills:
 - Level 2.5 Fighting
 - Level 1.7 Dodging
 - Level 3.0 Unarmed Combat
 - Level 3.0 Spellcasting
 + Level 3.3 Transmutations


You had 8 spell levels left.
You knew the following spells:

 Your Spells              Type           Power      Damage    Failure   Level
a - Beastly Appendage     Tmut           18%        N/A       6%          1

Your spell library contained the following spells:

 Spells                   Type           Power      Damage    Failure   Level
 Wereblood                Tmut           9%         N/A       10%         2
 Shock                    Conj/Air       4%         1d3       24%         1
 Slow                     Hex            4%         N/A       24%         1
 Spider Form              Tmut/Pois      5%         N/A       36%         3
 Confusing Touch          Hex            1%         N/A       58%         3
 Swiftness                Air            1%         N/A       58%         3
 Vampiric Draining        Necr           1%         2d6       58%         3
 Ice Form                 Ice/Tmut       5%         N/A       77%         4
 Airstrike                Air            0%         2d(1-17)  94%         4
 Summon Lightning Spire   Summ/Air       1%         N/A       94%         4
 Storm Form               Tmut/Air       2%         N/A       100%        7
 Maxwell's Capacitive Co  Air            0%         ∞         100%        8


Dungeon Overview and Level Annotations

Branches:
Dungeon (3/15)

Altars:
Trog


Innate Abilities, Weirdness & Mutations

You are a tree.
Your roots penetrate the ground, keeping you stationary.
You cannot be teleported.
You are immune to unholy pain and torment.
Your maximum health is greatly increased.
Your equipment is partially melded.
((Your plain brown scales are hard. (AC +5)))
You cannot fit into any form of body armour.
((You are cold-blooded and may be slowed by cold attacks.))


Message History

You are lethally poisoned!
You are too berserk!
Unknown command.
You closely miss Ijyb.
Ijyb is heavily wounded.
* * * LOW HITPOINT WARNING * * *
You feel sick. Ijyb hits you but does no damage.
You puncture Ijyb!
You kill Ijyb!
You feel your dexterity returning.
Training target 3.0 for Spellcasting reached!
Your Spellcasting skill increases to level 3!
You are too berserk!
You are too berserk!
Unknown command.
* * * LOW HITPOINT WARNING * * *
You feel sick.
You cannot move.
You cannot move.
You cannot move.
You cannot move.
You cannot move.
You cannot move.
You cannot move.
You cannot move.
You cannot move.
You cannot move.
You cannot move.
Unknown command.
Unknown command.
You cannot move.
You cannot move.
You feel a strong urge to attack something.
* * * LOW HITPOINT WARNING * * *
You feel sick.
You are too berserk!
You feel your anger nearly subside.
You are no longer berserk.
You are exhausted.
You feel yourself slow down.
You die...

..........####.#
#[##.......####.#
###.#######........
..[........#.####.#
# ###....###..
#.###.# ### #.# #.#
#.# .# #♣# # #)#
#...# #.#.# #.##..
#.# ..# #.# .# #.#
# #.#


There were no monsters in sight!

Vanquished Creatures
  Ijyb (D:3)
  An adder (D:3)
  A worm (D:2)
  2 dart slugs
  3 bats
  6 endoplasms
  4 giant cockroaches
  7 goblins
  6 hobgoblins
  5 kobolds
  2 quokkas
  3 ball pythons
  5 frilled lizards
  6 rats
52 creatures vanquished.

Notes
Turn   | Place    | Note
-------+----------+-------------------------------------------
     0 | D:1      | AarnesTheHuman the Draconian Transmuter began the quest for
                  | the Orb.
     0 | D:1      | Reached XP level 1. HP: 16/16 MP: 3/3
   192 | D:1      | Reached XP level 2. HP: 23/23 MP: 3/5
   718 | D:1      | Reached XP level 3. HP: 28/29 MP: 4/6
  2291 | D:3      | Reached XP level 4. HP: 33/37 MP: 8/8
  2299 | D:3      | Found a bloodstained altar of Trog.
  2340 | D:3      | Noticed Ijyb
  2362 | D:3      | HP: 4/82 [poisoned by Ijyb]
  2364 | D:3      | Killed Ijyb
  2366 | D:3      | HP: 1/82 [poisoned by Ijyb]
  2368 | D:3      | Succumbed to Ijyb's poison

Illustrated notes

Levels and vault maps discovered:
D:1:      evilmike_arrival_rings, layout_basic, serial_forest,
          infiniplex_forest_end_2, infiniplex_forest_lined_4_way,
          infiniplex_forest_clump_double, infiniplex_forest_zigzag_2,
          infiniplex_forest_clump_tiny, infiniplex_forest_lined_2,
          infiniplex_forest_lined_room_2, chequers_serial_rivers_large_a
D:2:      layout_basic
D:3:      layout_loops_ring, trog_three_pillars_becter, portal_sewer_entry_d,
          uniq_ijyb

Skill      XL: |  1  2  3  4 |
---------------+-------------+-----
Fighting       | 2 |  2.5
Transmutations | 3 |  3.3
Spellcasting   | 3 |  3.0
Dodging        | |  1.7
Unarmed Combat | |  3.0

Action                   |  1- 3 |  4- 6 || total
-------------------------+-------+-------++-------
Melee: Unarmed           |    12 |       ||    12
       Tailslap          |    16 |     1 ||    17
       Kick              |    27 |     1 ||    28
       Dagger            |   104 |    27 ||   131
       Headbutt          |    11 |     1 ||    12
       Punch             |     2 |       ||     2
Throw: Stone             |     1 |       ||     1
 Cast: Beastly Appendage |    44 |     3 ||    47
  Use: Potion            |       |     3 ||     3
Armor: Skin              |    28 |    20 ||    48
Dodge: Dodged            |    65 |     9 ||    74

Table legend: (Time is in decaauts)
 A = Elapsed time spent in this place.
 B = Non-inter-level travel time spent in this place.
 C = Inter-level travel time spent in this place.
 D = Time resting spent in this place.
 E = Time spent auto-exploring this place.
 F = Levels seen in this place.
 G = Mean time per level.
                   A        B        C        D        E       F      G
               +--------+--------+--------+--------+--------+-----+--------+
         Total |   2375 |   2262 |    113 |    174 |   1378 |   3 |  791.7 |
       Dungeon |   2375 |   2262 |    113 |    174 |   1378 |   3 |  791.7 |
               +--------+--------+--------+--------+--------+-----+--------+

Top non-repeatable levels by time:
     D:1: 1402 daAuts
     D:2: 865 daAuts
     D:3: 107 daAuts
